 Dungeon Crawl Stone Soup version 0.22-a0-93-g6b88ebb (webtiles) character file.

78 sankara the Conjurer (level 4, -6/33 HPs)
             Began as a Draconian Conjurer on Jan 24, 2018.
             Mangled by sankara's ghost (13 damage)
             ... on level 3 of the Dungeon.
             The game lasted 00:09:43 (2259 turns).

sankara the Conjurer (Draconian Conjurer)           Turns: 2259, Time: 00:09:45

Health: -6/33      AC:  5    Str: 10    XL:     4   Next: 15%
Magic:  1/8        EV: 12    Int: 17    God:
Gold:   82         SH:  0    Dex: 11    Spells: 0/8 levels left

rFire    . . .     SeeInvis .   d - +1 mace (protect)
rCold    . . .     Gourm    .   (no shield)
rNeg     . . .     Faith    .   (armour unavailable)
rPois    .         Spirit   .   (helmet restricted)
rElec    .         Reflect  .   (no cloak)
rCorr    .         Harm     .   (no gloves)
MR       .....                  (no boots)
Stlth    ++........             (no amulet)
HPRegen  0.11/turn              (no ring)
MPRegen  0.11/turn              (no ring)

@: sleeping, very slightly contaminated
A: unfitting armour, cold-blooded, AC +5
a: no special abilities


You were on level 3 of the Dungeon.
You were hungry.

You visited 1 branch of the dungeon, and saw 3 of its levels.

You collected 82 gold pieces.

Inventory:

Hand Weapons
 d - a +1 mace of protection (weapon)
 e - a +0 dagger
 j - a +0 falchion
 k - a +0 quarterstaff
Scrolls
 i - 2 scrolls of teleportation {unknown}
 l - 2 scrolls of magic mapping {unknown}
 o - a scroll of random uselessness {unknown}
 p - a scroll of identify {unknown}
Potions
 c - 2 potions of invisibility
 f - a potion of heal wounds {unknown}
 g - a potion of mutation {unknown}
 m - 2 potions of curing {unknown}
 n - a potion of degeneration {unknown}
Books
 a - a book of Conjurations

   Spells                             Type                      Level
   a - Magic Dart                     Conjuration                  1
   b - Searing Ray                    Conjuration                  2
   c - Dazzling Spray                 Conjuration/Hexes            3
   d - Fulminant Prism                Conjuration/Hexes            4
   e - Force Lance                    Conjuration/Translocation    4
   f - Iskenderun's Mystic Blast      Conjuration                  4
Comestibles
 b - 5 rations


   Skills:
 - Level 1.7 Dodging
 - Level 1.7 Stealth
 + Level 2.8 Spellcasting
 * Level 5.2 Conjurations


You couldn't memorise any spells.
You knew the following spells:

 Your Spells              Type           Power        Failure   Level  Hunger
a - Magic Dart            Conj           ###.         1%          1    #......
b - Dazzling Spray        Conj/Hex       ##....       19%         3    ###....
c - Iskenderun's Mystic   Conj           ###.....     21%         4    #####..


Dungeon Overview and Level Annotations

Branches:
Dungeon (3/15)

Altars:
Elyvilon

Annotations:
D:3 sankara's ghost, amateur DrEn


Innate Abilities, Weirdness & Mutations

Your plain brown scales are hard. (AC +5)
You cannot fit into any form of body armour.
You are cold-blooded and may be slowed by cold attacks.


Message History

The bat hits you but does no damage. x2
Sankara's ghost points at you and mumbles some strange words.
You resist with significant effort. The bat hits you but does no damage.
The bat barely misses you. The bat hits you but does no damage.
The bat closely misses you. The bat barely misses you. The bat misses you.
The bat hits you but does no damage. The bat hits you but does no damage.
The bat hits you.
* * * LOW HITPOINT WARNING * * *
All of the chunks of flesh in your inventory have rotted away.
The bat misses you. The bat closely misses you.
The bat hits you but does no damage. Sankara's ghost casts a spell at you.
You fall asleep.
The bat misses you. The bat closely misses you.
The bat hits you but does no damage. x2; Sankara's ghost hits you!
You die...

#.. #.# #.#......
#..###.####.# .....
#...........#......
##.###.............
###..#####..........
#..........#.......
#.............#####
#......)b.##.##
#........@##.#
#........W##.# ######
#.........##.#### ......
#.........##....##........
#.........##..#.##........
#.........##..#.....(.##..
#.........##..............
###.........##.#....# #.##.<
#...........##.#..#.###.##.#


You could see sankara's ghost and a bat.

Vanquished Creatures
  A worker ant zombie (D:3)
  An adder (D:2)
  A dart slug (D:1)
  5 leopard geckos
  5 bats
  A giant cockroach (D:3)
  8 goblins
  5 hobgoblins
  6 kobolds
  2 quokkas (D:3)
  2 ball pythons
  3 frilled lizards
  8 rats
48 creatures vanquished.

Notes
Turn   | Place    | Note
-------+----------+-------------------------------------------
     0 | D:1      | sankara the Draconian Conjurer began the quest for the Orb.
     0 | D:1      | Reached XP level 1. HP: 14/14 MP: 3/3
   210 | D:1      | Reached XP level 2. HP: 16/20 MP: 0/5
   835 | D:1      | Reached XP level 3. HP: 26/26 MP: 4/6
  1131 | D:2      | Found a white marble altar of Elyvilon.
  1179 | D:2      | Learned a level 3 spell: Dazzling Spray
  1391 | D:2      | Reached skill level 5 in Conjurations
  2070 | D:3      | Reached XP level 4. HP: 25/33 MP: 1/8
  2077 | D:3      | Learned a level 4 spell: Iskenderun's Mystic Blast
  2202 | D:3      | Noticed sankara's ghost (amateur DrEn)
  2259 | D:3      | Mangled by sankara's ghost

Vault maps used:
D:1:      nicolae_arrival_memento_mori, kennysheep_crisscross,
          minmay_misc_feat_cross
D:2:      kennysheep_flooded_box

Skill      XL: |  1  2  3 |
---------------+----------+-----
Conjurations   | 5 |  5.2
Dodging        | |  1.7
Stealth        | |  1.7
Spellcasting   | |  2.8

Action                   |  1- 3 |  4- 6 || total
-------------------------+-------+-------++-------
Melee: Unarmed           |     6 |       ||     6
       Mace              |    22 |    14 ||    36
       Tailslap          |     1 |     1 ||     2
 Cast: Magic Dart        |    89 |     5 ||    94
       Iskenderun's Myst |       |     2 ||     2
  Use: Potion            |       |     1 ||     1
 Stab: Invisible         |       |     1 ||     1
  Eat: Chunk             |     4 |     1 ||     5
Armor: Skin              |    11 |    33 ||    44
Dodge: Dodged            |    40 |    36 ||    76

Table legend:
 A = Spawn XP
 B = Non-spawn XP
 C = Spawn XP percentage of total XP
 D = Spawn monster count
 E = Non-spawn monster count
 F = Spawn count percentage of total count
 G = Total turns spent on level
                    A         B        C        D         E        F      G
               +---------+---------+-------+---------+---------+-------+---------
         Total |       0 |     112 |   0.0 |       0 |      48 |   0.0 |  2259
               +---------+---------+-------+---------+---------+-------+---------
           D:1 |       0 |      45 |   0.0 |       0 |      25 |   0.0 |  1026
           D:2 |       0 |      29 |   0.0 |       0 |      11 |   0.0 |   739
           D:3 |       0 |      38 |   0.0 |       0 |      12 |   0.0 |   494
               +---------+---------+-------+---------+---------+-------+---------
